 Dungeon Crawl Stone Soup version 0.31-a0-965-g8a8ce12e04 (webtiles) character file.

Game seed: 11340252013323476940

65 Azuregosa the Covert (level 4, -6/31 HPs)
             Began as an Octopode Delver on Oct 26, 2023.
             Mangled by a sleepcap (7 damage)
             ... on level 4 of the Dungeon.
             The game lasted 00:02:02 (98 turns).

Azuregosa the Covert (Octopode Delver)                Turns: 98, Time: 00:02:02

Health: -6/31      AC:  1    Str: 11    XL:     4   Next: 14%
Magic:  4/4        EV: 13    Int: 12    God:
Gold:   39         SH:  0    Dex: 15    Spells: 3/3 levels left

rFire   . . .        b - +1 mace (holy)
rCold   . . .        (no shield)
rNeg    . . .        (helmet restricted)
rPois   .            (no amulet)
rElec   .            (no ring)
rCorr   .            (no ring)
SInv    .            (no ring)
Will    .....        (no ring)
Stlth   +++++        (no ring)
HPRegen 0.25/turn    (no ring)
MPRegen 0.09/turn    (no ring)
                     (no ring)

%: no passive effects
@: no status effects
A: almost no armour, amphibious, 8 rings, camouflage 1, gelatinous body 1,
(nimble swimmer 1), tentacles
a: no special abilities


You were on level 4 of the Dungeon.
You visited 1 branch of the dungeon, and saw 2 of its levels.

You collected 39 gold pieces.

Inventory:

Hand Weapons
 b - a +1 mace of holy wrath (weapon)
Wands
 e - a wand of digging (3)
 f - a wand of iceblast (9)
Scrolls
 a - a scroll of fog
 c - a scroll of fear
Potions
 d - a potion of haste
 g - a potion of resistance {unknown}


   Skills:
 - Level 3.0 Fighting
 - Level 2.0 Dodging
 + Level 8.7 Stealth
 - Level 2.0 Unarmed Combat


You had 3 spell levels left.
You didn't know any spells.
Your spell library was empty.

Dungeon Overview and Level Annotations

Branches:
Dungeon (5/15)
 Temple: D:4-7

Altars:
Kikubaaqudgha

Shops:
D:5 (


Innate Abilities, Weirdness & Mutations

You cannot wear most types of armour.
You are amphibious.
You can wear up to eight rings at the same time.
Your skin changes colour to match your surroundings (Stealth+).
Your rubbery body absorbs attacks. (AC +1, EV +1)
((You are camouflaged when in or above water. (Stealth+)))
You have tentacles for arms and can constrict up to eight enemies at once.


Message History

You kill the orc!
You have reached level 4!
You hit the orc. You grab the orc. You squeeze the orc.
The orc is almost dead.
You constrict the orc.
You kill the orc!
The orc closely misses you.
You hit the orc. You grab the orc. Your squeeze misses the orc.
The orc is moderately wounded.
You constrict the orc. The orc hits you with a +0 falchion!
You hit the orc.
You kill the orc!
The goblin hits you with a +0 dagger.
You hit the goblin. Your grab misses the goblin.
The goblin is severely wounded.
The goblin closely misses you.
You hit the goblin.
You kill the goblin!
You hit the orc.
You kill the orc!
The sleepcap misses you.
You hit the sleepcap. You grab the sleepcap.
The sleepcap is lightly damaged.
You constrict the sleepcap. The sleepcap closely misses you.
You hit the sleepcap but do no damage.
The sleepcap is lightly damaged.
You constrict the sleepcap. The sleepcap releases spores at you!
You are engulfed in a cloud of soporific spores!
You fall asleep.
You lose your grip on the sleepcap.
The sleepcap completely misses you. The sleepcap releases spores at you!
You wake up.
Ouch! That really hurt!
* * * LOW HITPOINT WARNING * * *
Okay, then.
You hit the sleepcap. You grab the sleepcap.
The sleepcap is moderately damaged.
You constrict the sleepcap, but do no damage.
The sleepcap releases spores at you!
You die...

# .# .## o#
..##.####
#........
#....<...
#........
#.>......
#..#.####>.......
#....@f........
#..############ #


You could see a sleepcap.

Vanquished Creatures
  A scorpion (D:5)
  4 orcs (D:4)
  A goblin (D:4)
6 creatures vanquished.

Notes
Turn   | Place    | Note
-------+----------+-------------------------------------------
     0 | D:5      | Azuregosa the Octopode Delver began the quest for the Orb.
     0 | D:5      | Reached XP level 1. HP: 16/16 MP: 1/1
    17 | D:5      | Found an ancient bone altar of Kikubaaqudgha.
    27 | D:5      | Noticed a scorpion
    32 | D:5      | Killed a scorpion
    33 | D:5      | Reached skill level 8 in Stealth
    33 | D:5      | Reached XP level 2. HP: 21/21 MP: 2/2
    33 | D:5      | Reached XP level 3. HP: 26/26 MP: 3/3
    49 | D:5      | Found Diudwas's Weapon Shop.
    88 | D:4      | Reached XP level 4. HP: 30/31 MP: 4/4
    97 | D:4      | HP: 1/31 [sleepcap (16)]
    98 | D:4      | Mangled by a sleepcap

Illustrated notes

Levels and vault maps discovered:
D:4:      minmay_razor_zed, layout_rooms, mainiacjoe_overflow_surrounded_room,
          nicolae_overflow_two_pavilions,
          mainiacjoe_sewer_entry_somewhere_in_here_1
D:5:      layout_rooms, kiku_gazebo_garden_becter, mainiacjoe_overflow_24_doors,
          serial_shops, nicolae_shop_statue_plus, nicolae_shop_real_fake_doors,
          ebering_ghost_rock_garden

Skill      XL: |  1 |
---------------+----+-----
Stealth        | 8 |  8.7
Fighting       | |  3.0
Dodging        | |  2.0
Unarmed Combat | |  2.0

Action                     |  1- 3 |  4- 6 || total
---------------------------+-------+-------++-------
  Melee: Mace              |     5 |     9 ||    14
         Constrict         |     2 |     4 ||     6
         Tentacles         |     1 |     1 ||     2
         Punch             |     1 |       ||     1
    Use: Scroll            |     1 |       ||     1
 Armour: Skin              |     2 |     5 ||     7
  Dodge: Dodged            |     2 |     5 ||     7

Table legend: (Time is in decaauts)
 A = Elapsed time spent in this place.
 B = Non-inter-level travel time spent in this place.
 C = Inter-level travel time spent in this place.
 D = Time resting spent in this place.
 E = Time spent auto-exploring this place.
 F = Levels seen in this place.
 G = Mean time per level.
                   A        B        C        D        E       F      G
               +--------+--------+--------+--------+--------+-----+--------+
         Total |    102 |    102 |      0 |      0 |      0 |   2 |   51.0 |
       Dungeon |    102 |    102 |      0 |      0 |      0 |   2 |   51.0 |
               +--------+--------+--------+--------+--------+-----+--------+

Top non-repeatable levels by time:
     D:5: 82 daAuts
     D:4: 19 daAuts
